 Dungeon Crawl Stone Soup version 0.27.1 (webtiles) character file.

Game seed: 12639188268190130345

155 OhItsWolfy the Chopper (level 5, -2/47 HPs)
             Began as a Hill Orc Fighter on Aug 28, 2021.
             Was an Initiate of Okawaru.
             Slain by a scorpion (5 damage)
             ... in the Ecumenical Temple.
             The game lasted 00:06:22 (2851 turns).

OhItsWolfy the Chopper (Hill Orc Fighter)           Turns: 2851, Time: 00:06:24

Health: -2/47      AC: 13    Str: 20    XL:     5   Next: 37%
Magic:  5/5        EV:  3    Int:  8    God:    Okawaru [......]
Gold:   99         SH:  9    Dex: 10    Spells: 4/4 levels left

rFire    . . .     SeeInvis .   a - +0 war axe
rCold    . . .     Faith    .   c - +0 kite shield
rNeg     . . .     Spirit   .   f - +0 plate armour
rPois    .         Reflect  .   (no helmet)
rElec    .         Harm     .   (no cloak)
rCorr    .         Rampage  .   (no gloves)
Will     .....                  i - +0 pair of boots
Stlth    ..........             (no amulet)
HPRegen  0.15/turn              (no ring)
MPRegen  0.09/turn              (no ring)

@: lethally poisoned (-2 -> -14)
A: no striking features
a: Renounce Religion


You were in the Ecumenical Temple.
You worshipped Okawaru.
Okawaru was noncommittal.
You visited 2 branches of the dungeon, and saw 5 of its levels.

You collected 99 gold pieces.

Inventory:

Hand Weapons
 a - a +0 war axe (weapon)
Armour
 c - a +0 kite shield (worn)
 f - a +0 plate armour (worn)
 i - a +0 pair of boots (worn)
Jewellery
 k - a ring of see invisible
 l - a +6 ring of intelligence
Scrolls
 b - a scroll of teleportation {unknown}
 e - a scroll of vulnerability {unknown}
 g - a scroll of blinking {unknown}
 h - a scroll of enchant weapon {unknown}
 m - a scroll of identify {unknown}
Potions
 d - a potion of might
 j - a potion of curing {unknown}


   Skills:
 + Level 4.5 Fighting
 * Level 5.0 Axes
 + Level 4.1 Armour
 + Level 4.0 Shields


You had 4 spell levels left.
You didn't know any spells.
Your spell library contained the following spells:

 Spells                   Type           Power      Damage    Failure   Level
 Corpse Rot               Necr/Air       N/A        N/A       100%        2
 Poisonous Vapours        Pois/Air       0%         N/A       100%        2
 Frozen Ramparts          Ice            0%         1d2       100%        3
 Ice Form                 Ice/Tmut       0%         N/A       100%        4
 Summon Ice Beast         Ice/Summ       0%         N/A       100%        4
 Freezing Cloud           Conj/Ice/Air   0%         6-21      100%        5


Dungeon Overview and Level Annotations

Branches:
Dungeon (6/15)             Temple (1/1) D:6

Altars:
Ashenzari
Cheibriados
Dithmenos
Elyvilon
Fedhas
Gozag
Hepliaklqana
Makhleb
Nemelex Xobeh
Okawaru
Qazlal
Ru
Sif Muna
Trog
Uskayaw
Vehumet
Wu Jian
Xom
Yredelemnul
Zin
The Shining One


Message History

You barely miss the scorpion.
You feel very sick.
The scorpion stings you but does no damage.
You feel sick.
The scorpion stings you but does no damage.
You hit the scorpion but do no damage.
The scorpion is almost dead.
You feel sick. You block the scorpion's attack.
You barely miss the scorpion.
The scorpion is almost dead.
You feel sick.
The scorpion stings you but does no damage.
The scorpion barely misses you.
You hit the scorpion but do no damage.
The scorpion is severely wounded.
You feel sick.
The scorpion stings you but does no damage. x2
You completely miss the scorpion.
The scorpion is severely wounded.
You feel sick.
You are no longer poisoned.
The scorpion stings you but does no damage.
You block the scorpion's attack.
You closely miss the scorpion.
The scorpion is severely wounded.
You block the scorpion's attack.
You hit the scorpion.
The scorpion is almost dead.
You block the scorpion's attack. x2
You hit the scorpion.
The scorpion is almost dead.
The scorpion stings you but does no damage.
You block the scorpion's attack.
You closely miss the scorpion.
The scorpion is almost dead.
The scorpion stings you.
* * * LOW HITPOINT WARNING * * *
You are lethally poisoned!
The scorpion poisons you! The scorpion stings you.
You die...

##.###.###
###.###.###
###.###.##
...#
#...###...#
#...###...#
#... .###
###..#..###
###..#..###
###. ##
##...##
##...## ##
.###
###..#..###
###..#..###
###. ...#
#...###...#
#...###...#
#...
##.###.###
###.###.###
###.###.##
#..#..#
#..#..#
#..#..#
##...##
##.@.##
##...##
##.## #.s.#
##.##
##...##
##...##
##...##
#..#..#
#..#..#
#..#..#
#.###.#
#.###.#
#.###.#
##.# #.###
###.# #.###
###.# #.##
...#
#...###...#
#...###...#
#... .###
###..#..###
###..#..###
###. ##
##...##
##...## ##


You could see a scorpion.

Vanquished Creatures
  Jessica (D:2)
  Natasha (D:2)
  A howler monkey skeleton (D:2)
  4 adders
  A worm (D:2)
  A dart slug (D:1)
  5 ball pythons
  3 bats
  A bat skeleton (D:2)
  5 endoplasms
  5 goblins
  5 hobgoblins
  3 jackals (D:2)
  8 kobolds
  2 quokkas (D:2)
  A ball python skeleton (D:2)
  A ball python zombie (D:2)
  3 frilled lizards
  A giant cockroach zombie (D:2)
  3 rats
55 creatures vanquished.

Vanquished Creatures (others)
  2 withered plants (D:2)
2 creatures vanquished.

Grand Total: 57 creatures vanquished

Notes
Turn   | Place    | Note
-------+----------+-------------------------------------------
     0 | D:1      | OhItsWolfy the Hill Orc Fighter began the quest for the
                  | Orb.
     0 | D:1      | Reached XP level 1. HP: 19/19 MP: 1/1
   166 | D:1      | Reached skill level 3 in Axes
   409 | D:1      | Reached XP level 2. HP: 24/27 MP: 2/2
   866 | D:2      | Reached XP level 3. HP: 33/33 MP: 3/3
  1108 | D:2      | Reached skill level 4 in Axes
  1174 | D:2      | Noticed Natasha
  1181 | D:2      | Killed Natasha
  1182 | D:2      | Reached XP level 4. HP: 24/40 MP: 4/4
  1907 | D:2      | Noticed Jessica
  1914 | D:2      | Killed Jessica
  1915 | D:2      | Reached XP level 5. HP: 47/47 MP: 5/5
  2361 | D:3      | Reached skill level 5 in Axes
  2492 | D:3      | You fall into a shaft and drop 3 floors!
  2492 | D:6      | Noticed a lemure
  2492 | D:6      | Noticed a lemure
  2492 | D:6      | Noticed a lemure
  2492 | D:6      | Noticed a lemure
  2492 | D:6      | Noticed a kobold brigand
  2495 | D:6      | Found a staircase to the Ecumenical Temple.
  2504 | Temple   | Entered the Ecumenical Temple
  2808 | Temple   | Became a worshipper of Warmaster Okawaru
  2851 | Temple   | Slain by a scorpion

Illustrated notes

Levels and vault maps discovered:
D:1:      dpeg_arrival_tiny_c, layout_rooms
D:2:      layout_basic, serial_undead, serial_undead_e, serial_undead_c,
          serial_undead_f, serial_undead_a, serial_shops,
          nicolae_lakefront_shop, uniq_jessica, uniq_natasha
D:3:      layout_loops_ring, minmay_misc_feat_alley
D:6:      layout_gridville, minmay_temple_entry_statues_pillars,
          wad_floor_pattern_1, amcnicky_mini_rare_corridor_liquid, uniq_edmund,
          uniq_sigmund, uniq_pikel
Temple:   roderic_octagonal_lattice_temple

Skill      XL: |  1  2  3  4  5 |
---------------+----------------+-----
Axes           | 3 4 5 |  5.0
Fighting       | 4 |  4.5
Armour         | 4 |  4.1
Shields        | 4 |  4.0

Action                   |  1- 3 |  4- 6 || total
-------------------------+-------+-------++-------
Melee: War axe           |    91 |    90 ||   181
  Use: Scroll            |     2 |       ||     2
Armor: Scale mail        |     4 |       ||     4
       Chain mail        |    65 |    10 ||    75
       Plate armour      |       |    51 ||    51
Dodge: Dodged            |    17 |    18 ||    35
Block: Kite shield       |    42 |    59 ||   101
